 Dungeon Crawl Stone Soup version 0.23.2-40-g277498a001 (webtiles) character file.

Game seed: 16510023414918970876

5972 Curus the Cruncher (level 10, 0/76 HPs)
             Began as a Demonspawn Gladiator on Oct 16, 2019.
             Was an Elder of Okawaru.
             Slain by a hippogriff (3 damage)
             ... while petrified by a basilisk
             ... on level 1 of the Lair of Beasts.
             The game lasted 00:36:48 (5757 turns).

Curus the Cruncher (Demonspawn Gladiator)           Turns: 5757, Time: 00:36:48

Health: 0/76       AC:  9    Str: 16 (18) XL:     10   Next: 55%
Magic:  10/10      EV:  2    Int:  6 (9)  God:    Okawaru [****..]
Gold:   379        SH:  0    Dex: 15 (17) Spells: 9/9 levels left

rFire    . . .     SeeInvis .   a - +2 quarterstaff
rCold    + . .     Gourm    .   (shield currently unavailable)
rNeg     + + +     Faith    .   p - +2 leather armour {rC+}
rPois    ∞         Spirit   .   (helmet unavailable)
rElec    .         Reflect  .   (no cloak)
rCorr    .         Harm     .   w - +0 pair of gloves
MR       .....     Rnd*Rage +   (no boots)
Stlth    ++++......             g - amulet of magic regeneration
HPRegen  0.22/turn              e - +4 ring of slaying
MPRegen  0.37/turn              s - ring of stealth

@: petrified, heroism
A: horns 3, icy blue scales 2, berserk 1, powered by death 2, powered by pain 1,
strong 1
a: Heroism, Renounce Religion


You were on level 1 of the Lair of Beasts.
You worshipped Okawaru.
Okawaru was greatly pleased with you.
You were not hungry.

You visited 3 branches of the dungeon, and saw 10 of its levels.
You also visited: Ossuary.

You collected 379 gold pieces.

Inventory:

Hand Weapons
 a - a +2 quarterstaff (weapon)
Missiles
 d - 4 throwing nets (quivered)
 C - 8 tomahawks of dispersal
Armour
 b - a +1 leather armour
 c - a +0 helmet
 p - a +2 leather armour of cold resistance (worn)
 w - a +0 pair of gloves (worn)
 A - a +0 troll leather armour
Jewellery
 e - a +4 ring of slaying (left hand)
 g - an amulet of magic regeneration (around neck)
 h - an uncursed ring of attention
 m - an uncursed ring of teleportation
 s - a ring of stealth (right hand)
 u - an uncursed ring of protection from magic
 v - an uncursed amulet of guardian spirit
Wands
 l - a wand of acid (3)
 x - a wand of random effects (13)
 y - a wand of paralysis (9)
Scrolls
 j - 2 scrolls of blinking
 k - 5 scrolls of identify
 q - 3 scrolls of teleportation
 r - a scroll of amnesia
 t - a scroll of fear
 E - a scroll of remove curse
 H - a scroll of fog
Potions
 i - 3 potions of flight
 n - 7 potions of curing
 o - 2 potions of heal wounds
 z - a potion of haste
 B - a potion of agility
 F - a potion of brilliance
Comestibles
 f - 19 rations
 D - a chunk of flesh


   Skills:
 - Level 5.8(10.8) Fighting
 - Level 14.0(19.0) Staves
 - Level 1.7(6.7) Throwing
 - Level 5.7(10.7) Dodging
 + Level 0.5 Invocations
 + Level 0.3 Evocations


You had 9 spell levels left.
You didn't know any spells.
Your spell library was empty.

Dungeon Overview and Level Annotations

Branches:
Dungeon (8/15)             Temple (1/1) D:4            Lair (1/6) D:8

Altars:
Ashenzari
Cheibriados
Dithmenos
Fedhas
Hepliaklqana
Kikubaaqudgha
Makhleb
Nemelex Xobeh
Okawaru
Qazlal
Ru
Sif Muna
Trog
Uskayaw
Yredelemnul
Zin
The Shining One


Innate Abilities, Weirdness & Mutations

You have a pair of large horns on your head.
You are mostly covered in icy blue scales. (AC +3)
You regenerate health from kills.
You sometimes gain a little power by taking damage.
You tend to lose your temper in combat.
Your muscles are strong. (Str +2)


Message History

The hippogriff bites you.
* * * LOW HITPOINT WARNING * * *
The hippogriff pecks you.
* * * LOW HITPOINT WARNING * * *
The hippogriff claws you but does no damage.
The basilisk gazes at you. The hippogriff bites you.
* * * LOW HITPOINT WARNING * * *
The hippogriff pecks you but does no damage.
The hippogriff claws you. The basilisk gazes at you. The hippogriff bites you.
* * * LOW HITPOINT WARNING * * *
The hippogriff pecks you.
* * * LOW HITPOINT WARNING * * *
The hippogriff claws you.
* * * LOW HITPOINT WARNING * * *
The basilisk bites you but does no damage.
The hippogriff bites you.
You die...

...#.....#..#
##............#
##.............###
##................#
####.................###
........................
#.......###....%l......
##..!.<...##...%@H......
#P.......##.#...P%......
##.......# #..........b
##......## #.....(.....
#.......# ##.........%
#.......###..##.......
#.........†.........!...
#.......................
####...................


You could see a hippogriff and a basilisk.

Vanquished Creatures
  Harold (D:7)
  A troll (D:8)
  Grinder (D:6)
  A human (D:7)
  4 hogs (D:7)
  A sky beast (D:8)
  5 ogres
  3 phantoms
  An ice beast (D:5)
  3 wolves (D:8)
  2 centaurs (D:7)
  A crocodile (Lair:1)
  A bullfrog (D:6)
  2 water moccasin zombies (Ossuary)
  3 electric eels (D:8)
  A crimson imp (D:8)
  A jelly (D:5)
  8 hounds
  3 bullfrog skeletons
  5 orc priests
  7 orc wizards
  4 iguanas
  7 worker ants
  6 big kobold zombies (Ossuary)
  2 mummies (Ossuary)
  9 adders
  A shadow imp (D:7)
  4 adder zombies
  An adder skeleton (D:5)
  2 worms
  4 dart slugs
  7 leopard geckos
  26 orcs
  8 bats
  4 giant cockroaches
  7 goblins
  7 hobgoblins
  2 jackals (D:7)
  3 quokkas
  A ball python (D:7)
  4 frilled lizards
  5 hobgoblin zombies (Ossuary)
  A jackal skeleton (D:4)
  6 kobolds
  5 kobold zombies (Ossuary)
  A leopard gecko skeleton (D:4)
  3 orc zombies (Ossuary)
  A quokka skeleton (D:6)
  6 rats
192 creatures vanquished.

Notes
Turn   | Place    | Note
-------+----------+-------------------------------------------
     0 | D:1      | Curus the Demonspawn Gladiator began the quest for the Orb.
     0 | D:1      | Reached XP level 1. HP: 16/16 MP: 1/1
   104 | D:1      | Reached skill level 3 in Staves
   199 | D:1      | Gained mutation: You have a pair of small horns on your
                  | head. [demonic ancestry]
   199 | D:1      | Reached XP level 2. HP: 22/22 MP: 2/2
   859 | D:3      | Gained mutation: You are partially covered in icy blue
                  | scales. (AC +2) [demonic ancestry]
   859 | D:3      | Reached XP level 3. HP: 27/27 MP: 3/3
   877 | D:3      | Reached skill level 4 in Staves
  1159 | D:2      | Gained mutation: You regenerate a little health from kills.
                  | [demonic ancestry]
  1159 | D:2      | Reached XP level 4. HP: 33/33 MP: 4/4
  1619 | D:2      | Reached skill level 5 in Staves
  1923 | D:3      | Gained mutation: You are mostly covered in icy blue scales.
                  | (AC +3) [demonic ancestry]
  1923 | D:3      | Reached XP level 5. HP: 20/38 MP: 5/5
  2233 | D:4      | Reached skill level 6 in Staves
  2251 | D:4      | Found a sand-covered staircase.
  2258 | Ossuary  | Entered an ossuary
  2272 | Ossuary  | Reached XP level 6. HP: 44/44 MP: 6/6
  2329 | Ossuary  | Reached skill level 7 in Staves
  2405 | Ossuary  | Gained mutation: You have a pair of horns on your head.
                  | [demonic ancestry]
  2405 | Ossuary  | Reached XP level 7. HP: 45/50 MP: 7/7
  2512 | D:4      | Found an ancient bone altar of Kikubaaqudgha.
  2513 | D:4      | Found a hazy altar of Hepliaklqana.
  2514 | D:4      | Found a shattered altar of Ashenzari.
  2623 | D:4      | Found a staircase to the Ecumenical Temple.
  2639 | Temple   | Entered the Ecumenical Temple
  2794 | Temple   | Became a worshipper of Warmaster Okawaru
  3017 | D:4      | Reached skill level 8 in Staves
  3125 | D:4      | Reached * piety under Okawaru
  3292 | D:5      | Entered Level 5 of the Dungeon
  3307 | D:5      | Reached skill level 9 in Staves
  3307 | D:5      | Gained mutation: You regenerate health from kills. [demonic
                  | ancestry]
  3307 | D:5      | Reached XP level 8. HP: 46/56 MP: 8/8
  3308 | D:5      | Gained mutation: You tend to lose your temper in combat.
                  | [potion of mutation]
  3308 | D:5      | Gained mutation: Your muscles are strong. (Str +2) [potion
                  | of mutation]
  3340 | D:5      | Found a sparkling altar of Nemelex Xobeh.
  3762 | D:5      | Reached skill level 13 in Staves
  3762 | D:5      | Gained mutation: You sometimes gain a little power by
                  | taking damage. [demonic ancestry]
  3762 | D:5      | Reached XP level 9. HP: 61/61 MP: 9/9
  4270 | D:5      | Reached skill level 14 in Staves
  4290 | D:6      | Found a bloodstained altar of Trog.
  4312 | D:6      | Reached ** piety under Okawaru
  4366 | D:6      | Noticed Grinder
  4380 | D:6      | Killed Grinder
  5013 | D:7      | Noticed Harold
  5021 | D:7      | Killed Harold
  5021 | D:7      | Reached *** piety under Okawaru
  5021 | D:7      | Received a gift from Okawaru
  5021 | D:7      | Gained mutation: You have a pair of large horns on your
                  | head. [demonic ancestry]
  5021 | D:7      | Reached XP level 10. HP: 50/73 MP: 8/10
  5239 | D:7      | Reached skill level 5 in Dodging
  5243 | D:7      | Reached skill level 5 in Fighting
  5635 | D:8      | Reached **** piety under Okawaru
  5644 | D:8      | Found a staircase to the Lair.
  5710 | Lair:1   | Entered Level 1 of the Lair of Beasts
  5756 | Lair:1   | HP: 3/76 [hippogriff (1)]
  5757 | Lair:1   | Slain by a hippogriff

Skill      XL: |  1  2  3  4  5  6  7  8  9 10 |
---------------+-------------------------------+-----
Staves         | 3 4 5 6 7 9 13 14 | 14.0
Dodging        | 4 5 |  5.7
Fighting       | 4 5 |  5.8
Throwing       | |  1.7
Invocations    | |  0.5
Evocations     | |  0.3

Action                   |  1- 3 |  4- 6 |  7- 9 | 10-12 || total
-------------------------+-------+-------+-------+-------++-------
Melee: Quarterstaff      |    47 |   159 |   166 |    84 ||   456
       Headbutt          |     6 |    37 |    39 |    17 ||    99
Invok: Heroism           |       |       |     1 |     1 ||     2
Evoke: Wand              |       |       |     4 |       ||     4
  Use: Scroll            |     8 |     1 |     8 |     1 ||    18
       Potion            |     2 |     1 |     8 |     1 ||    12
 Stab: Sleeping          |       |       |     1 |     1 ||     2
       Invisible         |       |       |     1 |       ||     1
  Eat: Chunk             |     1 |     4 |     5 |     2 ||    12
       Ration            |       |       |     1 |       ||     1
Armor: Leather armour    |     9 |    29 |    37 |    31 ||   106
       Skin              |       |       |     2 |       ||     2
Dodge: Dodged            |    19 |    52 |    78 |    38 ||   187
